 Dungeon Crawl Stone Soup version 0.27.1-1-g398f81649c (webtiles) character file.

Game seed: 2024952715475521406

2 nxtlvl the Grave Robber (level 1, 0/15 HPs)
             Began as a Minotaur Necromancer on Sept 10, 2021.
             Slain by a goblin (2 damage)
             ... on level 1 of the Dungeon.
             The game lasted 00:01:08 (226 turns).

nxtlvl the Grave Robber (Minotaur Necromancer)       Turns: 226, Time: 00:01:09

Health: 0/15       AC:  2    Str: 12    XL:     1   Next: 25%
Magic:  0/1        EV: 12    Int: 12    God:
Gold:   16         SH:  0    Dex: 10    Spells: 1/2 levels left

rFire    . . .     SeeInvis .   (no weapon)
rCold    . . .     Faith    .   (no shield)
rNeg     . . .     Spirit   +   a - +0 robe
rPois    .         Reflect  .   (helmet restricted)
rElec    .         Harm     .   (no cloak)
rCorr    .         Rampage  .   (no gloves)
Will     .....                  (no boots)
Stlth    ++........             b - amulet of guardian spirit
HPRegen  0.05/turn              (no ring)
MPRegen  0.07/turn              (no ring)

@: no status effects
A: horns 2, retaliatory headbutt
a: no special abilities


You were on level 1 of the Dungeon.
You visited 1 branch of the dungeon, and saw 2 of its levels.

You collected 16 gold pieces.

Inventory:

Hand Weapons
 e - a +0 hunting sling
Armour
 a - a +0 robe (worn)
Jewellery
 b - an amulet of guardian spirit (around neck)
Scrolls
 c - a scroll of fog {unknown}
 d - a scroll of magic mapping {unknown}


   Skills:
 + Level 0.4 Fighting
 + Level 2.3 Dodging
 - Level 1.5 Stealth
 - Level 1.3 Spellcasting
 - Level 2.9 Necromancy


You had one spell level left.
You knew the following spells:

 Your Spells              Type           Power      Damage    Failure   Level
a - Pain                  Necr           28%        1d5       9%          1

Your spell library contained the following spells:

 Spells                   Type           Power      Damage    Failure   Level
 Animate Skeleton         Necr           14%        N/A       9%          1
 Vampiric Draining        Necr           3%         2d6       26%         3
 Animate Dead             Necr           3%         N/A       65%         4
 Agony                    Necr           7%         N/A       94%         5


Dungeon Overview and Level Annotations

Branches:
Dungeon (2/15)

Altars:


Innate Abilities, Weirdness & Mutations

You have a pair of horns on your head.
You reflexively headbutt those who attack you in melee.


Message History

The goblin shouts!
You see here 8 gold pieces.
You now have 16 gold pieces (gained 8).
Found 17 stones.
You closely miss the quokka. The quokka bites you.
You miss the quokka. The quokka bites you. x2
You closely miss the quokka. The quokka bites you.
* * * LOW HITPOINT WARNING * * *
You closely miss the quokka. The quokka barely misses you.
You hit the quokka but do no damage. The quokka misses you.
You hit the quokka.
The quokka is moderately wounded.
The quokka completely misses you.
You hit the quokka.
The quokka is heavily wounded.
The quokka bites you.
* * * LOW HITPOINT WARNING * * *
The quokka misses you.
You hit the quokka.
You kill the quokka!
You closely miss the goblin. Your headbutt misses the goblin.
The goblin closely misses you.
You closely miss the goblin. Your headbutt misses the goblin.
The goblin closely misses you.
You hit the goblin but do no damage. Your headbutt misses the goblin.
The goblin hits you with a +0 dagger.
* * * LOW HITPOINT WARNING * * *
You hit the goblin.
The goblin is moderately wounded.
The goblin closely misses you.
You hit the goblin.
The goblin is moderately wounded.
The goblin closely misses you.
You barely miss the goblin.
The goblin is moderately wounded.
The goblin closely misses you.
You hit the goblin but do no damage. Your headbutt misses the goblin.
The goblin is moderately wounded.
The goblin hits you with a +0 dagger.
You die...

#.. ..
#.##.##
......# #
#....
#.###..###
#....>...#
###....#.#
#...##g#
#...## #@#
...# #.#
## #.# #.#
#.# #(#
#.# #.#


You could see a goblin.

Vanquished Creatures
  A quokka (D:1)
  A bat (D:2)
2 creatures vanquished.

Notes
Turn   | Place    | Note
-------+----------+-------------------------------------------
     0 | D:1      | nxtlvl the Minotaur Necromancer began the quest for the
                  | Orb.
     0 | D:1      | Reached XP level 1. HP: 14/14 MP: 1/1
   226 | D:1      | Slain by a goblin

Illustrated notes

Levels and vault maps discovered:
D:1:      dpeg_arrival_snail, layout_basic
D:2:      layout_basic, dreamdust_ecumenical_altar_sealed_demon,
          grunt_ministairs_12, kennysheep_big_empty_room

Action                   || total
-------------------------++-------
Melee: Unarmed           ||    17
Armor: Robe              ||     1
Dodge: Dodged            ||    14
